 Dungeon Crawl Stone Soup version 0.19.1 (webtiles) character file.

91 esteth the Conjurer (level 4, -7/24 HPs)
             Began as a Deep Elf Conjurer on Dec 18, 2016.
             Killed by nerve-wracking pain
             ... invoked by a shadow imp
             ... summoned by Natasha
              (16 damage)
             ... on level 3 of the Dungeon.
             The game lasted 00:05:59 (2035 turns).

esteth the Conjurer (Deep Elf Conjurer)             Turns: 2035, Time: 00:06:00

Health: -7/24      AC:  2    Str:  5    XL:     4   Next: 34%
Magic:  6/12       EV: 13    Int: 21    God:
Gold:   135        SH:  0    Dex: 15    Spells: 2 memorised, 7 levels left

rFire  . . .     SeeInvis .     (no weapon)
rCold  . . .     Gourm    .     a - +0 robe
rNeg   . . .     Faith    .     (no shield)
rPois  .         Spirit   .     (no helmet)
rElec  .         Reflect  .     (no cloak)
rCorr  .         Harm     +     (no gloves)
MR     .....                    (no boots)
Stlth  +++.......               i - amulet of harm
                                (no ring)
                                n - ring of stealth

@: no status effects
A: no striking features
a: no special abilities


You were on level 3 of the Dungeon.
You were very hungry.

You visited 1 branch of the dungeon, and saw 3 of its levels.

You collected 135 gold pieces.

Inventory:

Armour
 a - a +0 robe (worn)
Jewellery
 i - an amulet of harm (around neck)
 n - a ring of stealth (left hand)
Scrolls
 f - 2 scrolls of teleportation
 g - a scroll of blinking {unknown}
 h - 2 scrolls of identify
 m - a scroll of magic mapping
 o - a scroll of immolation {unknown}
 q - a scroll of fog {unknown}
Potions
 d - a potion of heal wounds
 e - a potion of berserk rage {unknown}
 j - 2 potions of agility {unknown}
 l - 2 potions of curing {unknown}
 p - a potion of invisibility {unknown}
Books
 b - a book of Conjurations

   Spells                             Type                      Level
   a - Magic Dart                     Conjuration                  1
   b - Searing Ray                    Conjuration                  2
   c - Dazzling Spray                 Conjuration/Hexes            3
   d - Fulminant Prism                Conjuration/Hexes            4
   e - Iskenderun's Mystic Blast      Conjuration                  4
   f - Iskenderun's Battlesphere      Conjuration/Charms           5
Comestibles
 c - a bread ration
 k - a meat ration


   Skills:
 - Level 2.8 Dodging
 - Level 2.6 Stealth
 + Level 4.5 Spellcasting
 + Level 5.5 Conjurations


You had 7 spell levels left.
You knew the following spells:

 Your Spells              Type           Power        Failure   Level  Hunger
a - Magic Dart            Conj           ####         1%          1    None
b - Iskenderun's Mystic   Conj           ####....     14%         4    ####...


Dungeon Overview and Level Annotations

Branches:
Dungeon (3/15)

Altars:

Annotations:
D:3 Natasha


Message History

Aiming: Magic Dart
Press: ? - help, Shift-Dir - straight line, f/p - orc
Aim: an orc, wielding a club and wearing a ring mail (almost dead)
The magic dart hits the orc.
You kill the orc!
Natasha casts a spell at you. You resist with some effort.
The crimson imp blinks!
Natasha mumbles some strange words.
You see here a scale mail.
Natasha howls an incantation.
Natasha shimmers violently.
Natasha casts a spell.
The shadow imp gestures at you. Pain shoots through your body!
Ouch! That really hurt!
The shadow imp gestures at you. Pain shoots through your body!
Ouch! That really hurt!
You die...

###### #######....# ........##.#
#######.##.# #†##.#
#.##.########
#.#######.##.@...5h.#
#.......#.#########.### ###
#.#...............# #.#.. ...
#.#.......#.#####.# #[#.#####).)
##.#.........# #h#.h)..§...
##.#........## #.###.#.#####.#.
##.#........####.#....5........#
##..............#..##..#.###.###
#...........####.# #..#.#


You could see Natasha and a shadow imp.

Vanquished Creatures
  4 adders
  A worm (D:3)
  A dart slug (D:1)
  A leopard gecko (D:1)
  4 orcs (D:3)
  3 giant cockroaches (D:1)
  5 goblins
  A hobgoblin (D:1)
  2 jackals (D:1)
  4 kobolds
  4 ball pythons
  7 bats
  4 frilled lizards
  6 rats
47 creatures vanquished.

Notes
Turn   | Place    | Note
-------+----------+-------------------------------------------
     0 | D:1      | esteth the Deep Elf Conjurer began the quest for the Orb.
     0 | D:1      | Reached XP level 1. HP: 10/10 MP: 6/6
   191 | D:1      | Reached XP level 2. HP: 15/15 MP: 4/8
   859 | D:1      | Reached XP level 3. HP: 19/19 MP: 7/10
   984 | D:2      | Reached skill level 5 in Conjurations
  1519 | D:2      | Reached XP level 4. HP: 24/24 MP: 7/12
  1558 | D:2      | Learned a level 4 spell: Iskenderun's Mystic Blast
  2017 | D:3      | Noticed Natasha
  2035 | D:3      | Killed from afar by a shadow imp

Skill      XL: |  1  2  3 |
---------------+----------+-----
Spellcasting   | 4 |  4.5
Conjurations   | 5 |  5.5
Dodging        | |  2.8
Stealth        | |  2.6

Action                   |  1- 3 |  4- 6 || total
-------------------------+-------+-------++-------
 Cast: Magic Dart        |    64 |    21 ||    85
  Use: Scroll            |     6 |       ||     6
  Eat: Chunk             |     2 |       ||     2
Armor: Robe              |     1 |       ||     1
Dodge: Dodged            |     8 |     1 ||     9
